[Event "WYCC 2018 G14"]
[Site "Halkidiki"]
[Date "2018.10.30"]
[Round "11"]
[White "Kuhar, Larisa"]
[Black "Wen, Yili"]
[Result "0-1"]
[ECO "C68"]
[WhiteElo "1916"]
[BlackElo "2083"]
[Annotator "NA"]
[PlyCount "100"]
[EventDate "2018.10.20"]
[EventType "swiss"]
[EventCountry "GRE"]
[SourceTitle "playchess.com"]
[Source "ChessBase"]
[SourceQuality "1"]
[TimeControl "40/5400+30:1800+30"]

1. e4 e5 2. Nf3 Nc6 3. Bb5 a6 4. Bxc6 dxc6 5. O-O f6 6. d4 exd4 7. Nxd4 c5 8. Ne2 Qxd1 9. Rxd1 Bd7 10. Nbc3 O-O-O 11. Be3 Re8 12. Rd2 {[%emt 0:01:15] C69: Ruy Lopez: Exchange Variation with 5 0-0 f6} Bc6 13. Rad1 b6 $146 (13... Bd6 14. Bf4 Bxf4 15. Nxf4 Nh6 16. Nh5 Rhg8 17. f3 f5 18. Ng3 fxe4 19. Ncxe4 Re5 {1-0 (47) Socko,B (2617)-Nyback,T (2608) Germany 2015}) 14. Nf4 Nh6 15. f3 Nf7 16. Ncd5 Ne5 17. b3 h5 18. h4 Kb7 19. c4 Bd6 20. Kf2 Ref8 21. Rc2 Rf7 22. Ke2 Bd7 23. Rcc1 Nc6 24. Ng6 Re8 25. Bf4 Bxf4 26. Ngxf4 f5 27. Kd3 fxe4+ 28. fxe4 Nb4+ 29. Nxb4 Rxf4 30. Nd5 Rfxe4 31. Rf1 Rd4+ 32. Kc3 Bc6 33. Rf7 Bxd5 34. cxd5 Re3+ 35. Kb2 Re2+ 36. Rc2 Ree4 37. Rxg7 Rxh4 38. Re2 Rhg4 39. Rd7 b5 40. Ree7 Rxg2+ 41. Kc1 Rh4 42. Rxc7+ Kb6 43. Rc6+ Ka5 44. Re1 Rxa2 45. Kb1 Rhh2 46. Rxc5 Rad2 47. Kc1 Kb4 48. Rc6 a5 49. Rd1 Ra2 50. Kb1 Ka3 0-1

[Event "WYCC 2018 G14"]
[Site "Halkidiki"]
[Date "2018.10.30"]
[Round "11"]
[White "Rodriguez Redondo, Adhara"]
[Black "Allahverdiyeva, Ayan"]
[Result "1-0"]
[ECO "B83"]
[WhiteElo "1911"]
[BlackElo "2116"]
[Annotator "NA"]
[PlyCount "95"]
[EventDate "2018.10.20"]
[EventType "swiss"]
[EventCountry "GRE"]
[SourceTitle "playchess.com"]
[Source "ChessBase"]
[SourceQuality "1"]
[TimeControl "40/5400+30:1800+30"]

1. e4 c5 2. Nf3 e6 3. d4 cxd4 4. Nxd4 Nf6 5. Nc3 d6 6. Be2 Be7 7. O-O O-O 8. f4 Nc6 9. Be3 e5 10. fxe5 dxe5 11. Nf5 Bxf5 12. Rxf5 Qxd1+ 13. Rxd1 g6 14. Rf2 Kg7 {[%emt 0:07:24] B83: Sicilian Scheveningen: 6 Be2, lines without ...a6} 15. Bg5 (15. h3 Rac8 16. Bb5 a6 17. Bxc6 Rxc6 18. Nd5 Nxe4 19. Nxe7 Nxf2 20. Bxf2 Rxc2 21. b4 Rc7 22. Bc5 {0-1 (46) Polzin,R (2500)-Sokolov,A (2559) Germany 2008}) 15... Nd4 16. Bxf6+ $146 ({Predecessor:} 16. Bc4 Rac8 17. b3 Ng8 18. Be3 f5 19. exf5 gxf5 20. Bxd4 exd4 21. Nb5 Bg5 22. Nxd4 Be3 {1-0 (58) Saveliev,A (2372)-Gueci,T (2158) Stockholm 2017}) 16... Bxf6 17. Nd5 Bg5 18. c3 Ne6 19. g3 Nc5 20. Bd3 a5 21. h4 Bd8 22. Re2 h5 23. Bb5 Rc8 24. Kg2 Bc7 25. b4 axb4 26. cxb4 Ne6 27. Bd7 Nd4 28. Bxc8 Rxc8 29. Rb2 Bd6 30. Rd3 Rc4 31. Rc3 Rxc3 32. Nxc3 f5 33. a4 f4 34. gxf4 exf4 35. Nd5 g5 36. hxg5 f3+ 37. Kf2 h4 38. Ke3 Be5 39. Rb1 Kg6 40. b5 h3 41. Nf4+ Kxg5 42. Nxh3+ Kg4 43. Nf2+ Kg3 44. Rg1+ Kh2 $18 45. Rg6 Nc2+ 46. Kxf3 Ne1+ 47. Ke2 Ng2 48. Ng4+ 1-0

[Event "WYCC 2018 G14"]
[Site "Halkidiki"]
[Date "2018.10.30"]
[Round "11"]
[White "Ehsani, Yassamin"]
[Black "Yellamraju, Ambica"]
[Result "1/2-1/2"]
[ECO "D31"]
[WhiteElo "1875"]
[BlackElo "1647"]
[Annotator "NA"]
[PlyCount "98"]
[EventDate "2018.10.20"]
[EventType "swiss"]
[EventCountry "GRE"]
[SourceTitle "playchess.com"]
[Source "ChessBase"]
[SourceQuality "1"]
[TimeControl "40/5400+30:1800+30"]

1. d4 d5 2. c4 e6 3. Nc3 Be7 4. cxd5 exd5 5. Bf4 c6 6. e3 Bd6 7. Bxd6 Qxd6 8. Bd3 Ne7 9. Nge2 Bf5 10. O-O O-O 11. a3 a5 12. Bxf5 Nxf5 13. Qb1 g6 14. b4 axb4 15. Qxb4 Nd7 16. Na4 Qxb4 17. axb4 Nd6 18. Nec3 f5 19. Rfb1 b5 20. Nb2 Nb6 21. g3 g5 22. f3 Nbc4 23. Nxc4 Nxc4 24. Kf2 Rfe8 25. Nd1 Kf7 26. f4 h6 27. h3 Kg6 28. Rc1 h5 29. h4 g4 30. Ke2 Kf6 31. Rcb1 Ke6 32. Kd3 Kd6 33. Rc1 Kc7 34. Rcb1 Kb6 35. Rc1 Ra4 36. Rxa4 bxa4 37. Ra1 a3 38. Rb1 Re7 39. Rc1 Kb5 40. Rb1 Ka6 41. Rc1 Rb7 42. Rb1 Rb8 43. Kc3 Rb7 44. Kd3 a2 45. Ra1 Rxb4 46. Rxa2+ Kb7 47. Kc2 Nd6 48. Nf2 Nc4 49. Nd1 Nd6 1/2-1/2

[Event "WYCC 2018 G14"]
[Site "Halkidiki"]
[Date "2018.10.30"]
[Round "11"]
[White "Moracchini, Margaux"]
[Black "Mocanu, Paula"]
[Result "1-0"]
[ECO "C45"]
[WhiteElo "1838"]
[BlackElo "1680"]
[Annotator "NA"]
[PlyCount "77"]
[EventDate "2018.10.20"]
[EventType "swiss"]
[EventCountry "GRE"]
[SourceTitle "playchess.com"]
[Source "ChessBase"]
[SourceQuality "1"]
[TimeControl "40/5400+30:1800+30"]

1. e4 e5 2. Nf3 Nc6 3. d4 exd4 4. Nxd4 Bc5 5. Be3 Qf6 6. Nb5 Bxe3 7. fxe3 Qd8 8. Qg4 g6 9. Qf4 d6 10. Bc4 Ne5 11. O-O Qe7 12. N1c3 Nf6 13. Qxf6 Qxf6 14. Rxf6 O-O 15. Be2 Bg4 16. Bxg4 Nxg4 17. Rf3 Ne5 18. Rf2 Nc4 19. Nxc7 Rad8 20. N3d5 Kg7 21. Raf1 Rc8 22. b3 Nxe3 23. Nxe3 Rxc7 24. Nd5 Rcc8 25. Rf6 Rxc2 26. Rxd6 Rxa2 27. Rd7 b6 28. Nc7 Kg8 29. Nb5 a6 30. Nd6 f6 31. Rc1 Rb2 32. Rcc7 Rb1+ 33. Kf2 Rb2+ 34. Kf3 Rxb3+ 35. Kf4 Ra8 36. Rg7+ Kh8 37. Rxh7+ Kg8 38. Rcg7+ Kf8 39. Rxg6 1-0

[Event "WYCC 2018 G14"]
[Site "Halkidiki"]
[Date "2018.10.30"]
[Round "11"]
[White "Brunner, Sophia"]
[Black "Baiburina, Kamilla"]
[Result "0-1"]
[ECO "C22"]
[WhiteElo "1812"]
[BlackElo "1907"]
[Annotator "NA"]
[PlyCount "72"]
[EventDate "2018.10.20"]
[EventType "swiss"]
[EventCountry "GRE"]
[SourceTitle "playchess.com"]
[Source "ChessBase"]
[SourceQuality "1"]
[TimeControl "40/5400+30:1800+30"]

1. e4 e5 2. d4 exd4 3. Qxd4 Nc6 4. Qe3 Nf6 5. Nc3 Bb4 6. Bd2 O-O 7. O-O-O Re8 8. Qg3 Rxe4 9. f4 d5 10. Bd3 Re8 11. Nf3 d4 $15 ({Better is} 11... Bf8 $17 12. Rde1 Rxe1+ 13. Rxe1 Nb4) 12. Ne2 Qd5 13. Kb1 Be6 14. b3 Bxd2 15. Rxd2 Qa5 16. Kb2 Nb4 17. a3 Nxd3+ 18. cxd3 c5 19. Rhd1 Qb6 20. Nc1 a5 21. a4 Bd7 22. Ka1 Re3 23. Qg5 Be6 24. Rb2 Nd5 25. f5 f6 26. Qg4 Bf7 27. Nd2 Nc3 28. Rf1 Qb4 29. Nb1 b5 30. Rff2 bxa4 31. bxa4 Qxa4+ 32. Na2 Nxa2 33. Rxa2 Bxa2 34. Rxa2 Qe8 35. Ra3 Rb8 36. Qf4 Re1 0-1

[Event "WYCC 2018 G14"]
[Site "Halkidiki"]
[Date "2018.10.30"]
[Round "11"]
[White "Obada, Ema"]
[Black "Velea, Anne-Marie"]
[Result "1/2-1/2"]
[ECO "B24"]
[WhiteElo "1811"]
[BlackElo "1859"]
[Annotator "NA"]
[PlyCount "46"]
[EventDate "2018.10.20"]
[EventType "swiss"]
[EventCountry "GRE"]
[SourceTitle "playchess.com"]
[Source "ChessBase"]
[SourceQuality "1"]
[TimeControl "40/5400+30:1800+30"]

1. e4 c5 2. Nc3 Nc6 3. Bb5 Nd4 4. Bc4 g6 5. Nge2 Bg7 6. O-O d6 7. d3 e6 8. f4 Ne7 9. Nxd4 Bxd4+ 10. Kh1 O-O 11. Bb3 b6 12. Ne2 Bg7 13. Ng3 d5 14. Qe2 b5 15. c3 f5 16. e5 Bb7 17. Be3 Qc7 18. Qf2 Rfc8 19. Ne2 Bf8 20. Ng1 a6 21. Nf3 h6 22. h4 h5 23. Ng5 Qc6 1/2-1/2

[Event "WYCC 2018 G14"]
[Site "Halkidiki"]
[Date "2018.10.30"]
[Round "11"]
[White "Bardorz, Jana"]
[Black "Yedigaryan, Asya"]
[Result "0-1"]
[ECO "B34"]
[WhiteElo "1810"]
[BlackElo "1726"]
[Annotator "NA"]
[PlyCount "100"]
[EventDate "2018.10.20"]
[EventType "swiss"]
[EventCountry "GRE"]
[SourceTitle "playchess.com"]
[Source "ChessBase"]
[SourceQuality "1"]
[TimeControl "40/5400+30:1800+30"]

1. e4 c5 2. Nf3 Nc6 3. d4 cxd4 4. Nxd4 Nf6 5. Nc3 e5 6. Ndb5 Bb4 7. Nd6+ Ke7 8. Nf5+ Kf8 9. Bc4 d5 10. exd5 Bxf5 11. dxc6 Qxd1+ 12. Kxd1 Rd8+ 13. Ke2 bxc6 14. Bd3 e4 15. Bc4 Nd5 16. Bd2 Bc5 17. Rhe1 Nb6 18. Ba6 Bg4+ 19. f3 exf3+ 20. gxf3 Re8+ 21. Kd1 Bxf3+ 22. Be2 Bxe2+ 23. Rxe2 f5 24. Rxe8+ Kxe8 25. Ke2 Kf7 26. Bf4 Nc4 27. Na4 Be7 28. b3 Nd6 29. Rd1 Rd8 30. Be3 Nc8 31. Rf1 g6 32. c4 Re8 33. Kd3 Rd8+ 34. Ke2 Bd6 35. h3 Re8 36. Kd3 Re4 37. Bg5 h6 38. Nc3 Re8 39. Bxh6 Rh8 40. Be3 Rxh3 41. Ne4 Be7 42. Nf2 Rh4 43. c5 Bf6 44. Rg1 Ne7 45. Bg5 Bxg5 46. Rxg5 Nd5 47. a3 Rh2 48. Ke2 Nf4+ 49. Ke3 Rxf2 50. Rg1 Rg2 0-1

[Event "WYCC 2018 G14"]
[Site "Halkidiki"]
[Date "2018.10.30"]
[Round "11"]
[White "Zeng, Sheena"]
[Black "Tien, Sophie"]
[Result "1/2-1/2"]
[ECO "D35"]
[WhiteElo "1807"]
[BlackElo "1648"]
[Annotator "NA"]
[PlyCount "99"]
[EventDate "2018.10.20"]
[EventType "swiss"]
[EventCountry "GRE"]
[SourceTitle "playchess.com"]
[Source "ChessBase"]
[SourceQuality "1"]
[TimeControl "40/5400+30:1800+30"]

1. d4 d5 2. c4 e6 3. Nc3 Nf6 4. cxd5 exd5 5. Bg5 Be7 6. e3 Nbd7 7. Qc2 O-O {[%emt 0:01:11] D35: Queen's Gambit Declined: Exchange Variation} 8. h3 $146 ({Predecessor:} 8. Bd3 h6 9. Bf4 a6 10. Nf3 b6 11. O-O c5 12. Rfd1 Bb7 13. Rac1 c4 14. Bf5 b5 15. a3 Re8 16. Ne5 Bf8 17. Qe2 {0-1 (50) Tregubov,P (2589)-Dourerassou,J (2484) Paris 2017}) 8... b6 9. Nf3 c5 10. Bd3 Bb7 11. O-O h6 12. Bf4 a6 13. Bf5 Re8 14. Bxd7 Qxd7 15. Ne5 Qe6 16. Bh2 Nd7 17. Ne2 Bd6 18. Nxd7 Qxd7 19. Bxd6 Qxd6 20. Rac1 c4 21. Ng3 b5 22. f4 Bc8 23. Rf3 Ra7 24. f5 a5 25. Qf2 Qf6 26. Nh5 Qd6 27. Qh4 Re4 28. Qf2 Kh8 29. g4 f6 30. Kg2 Kg8 31. Nf4 Kf7 32. Ne2 Bd7 $11 33. Rf4 Re7 34. h4 Ke8 35. Qf3 Bc6 36. g5 hxg5 37. hxg5 fxg5 38. Rg4 Qf6 39. Ng3 Rf7 40. Nh5 Qd8 41. Rh1 Kd7 42. Qg3 Qe7 43. Rxg5 Kc8 44. Qf4 Kb7 45. Ng3 Kb6 46. Rg6 Rf6 47. Rh8 Bd7 48. Qg5 Be8 49. Rxf6+ gxf6 50. Qf4 1/2-1/2

[Event "WYCC 2018 G14"]
[Site "Halkidiki"]
[Date "2018.10.30"]
[Round "11"]
[White "Anghel, Maria"]
[Black "He, Emma"]
[Result "1-0"]
[ECO "D30"]
[WhiteElo "1801"]
[BlackElo "1674"]
[Annotator "NA"]
[PlyCount "103"]
[EventDate "2018.10.20"]
[EventType "swiss"]
[EventCountry "GRE"]
[SourceTitle "playchess.com"]
[Source "ChessBase"]
[SourceQuality "1"]
[TimeControl "40/5400+30:1800+30"]

1. d4 d5 2. Nf3 Nf6 3. c4 e6 4. e3 c6 5. Nbd2 Nbd7 6. Bd3 Bd6 7. O-O O-O 8. e4 dxe4 9. Nxe4 Nxe4 10. Bxe4 c5 11. dxc5 Bxc5 12. Qe2 Qc7 13. a3 a5 14. b3 Nf6 15. Bc2 Rd8 16. Bb2 Be7 17. Rad1 b6 18. Rxd8+ Bxd8 19. Be5 Qe7 20. Bxf6 Qxf6 21. Qe4 Rb8 22. Qxh7+ Kf8 23. Rd1 Bb7 24. Be4 Ke7 25. Nd4 Kd6 26. Nc6+ Kc7 27. Nxb8 Kxb8 28. Bxb7 Kxb7 29. Qe4+ Kb8 30. g3 Qe7 31. Qe5+ Bc7 32. Qxg7 Qxa3 33. Qc3 Qc5 34. Qe3 Qb4 35. Rd7 f5 36. Rd3 e5 37. Qd2 Qa3 38. h4 f4 39. Kg2 e4 40. Rd4 fxg3 41. Rxe4 Qxb3 42. Re8+ Ka7 43. Qd7 Qxc4 44. Re7 Kb7 45. Qxc7+ Qxc7 46. Rxc7+ Kxc7 47. h5 gxf2 48. Kxf2 b5 49. h6 b4 50. h7 a4 51. h8=Q b3 52. Qc3+ 1-0

[Event "WYCC 2018 G14"]
[Site "Halkidiki"]
[Date "2018.10.30"]
[Round "11"]
[White "Zhou, Iris"]
[Black "Lomaia, Diana"]
[Result "1-0"]
[ECO "B90"]
[WhiteElo "1779"]
[BlackElo "1876"]
[Annotator "NA"]
[PlyCount "131"]
[EventDate "2018.10.20"]
[EventType "swiss"]
[EventCountry "GRE"]
[SourceTitle "playchess.com"]
[Source "ChessBase"]
[SourceQuality "1"]
[TimeControl "40/5400+30:1800+30"]

1. e4 c5 2. Nf3 d6 3. d4 cxd4 4. Nxd4 Nf6 5. Nc3 a6 6. a4 e5 7. Nf3 Be7 8. Bc4 Be6 9. Qe2 {[%emt 0:00:18] B90: Sizilianisch (Najdorf-Variante, Abweichungen)} (9. Bb3 h6 10. O-O O-O 11. Nh4 Nc6 12. Nf5 Bxf5 13. exf5 Nd4 14. Nd5 Nxb3 15. cxb3 Rc8 16. Be3 Rc6 {1-0 (49) Carlsen,M (2857)-Grischuk,A (2754) chess.com INT 2016}) 9... Qc8 10. Bb3 O-O 11. O-O h6 12. Rd1 Nbd7 $146 ({Vorgänger:} 12... Bxb3 13. cxb3 Qe6 14. Nh4 Rd8 15. Nf5 Bf8 16. Ne3 Nc6 {½-½ (36) Macieja,B (2617)-Gritsenko,A (2317) Moscow 2008}) 13. Nd2 Nc5 14. Ba2 Bxa2 15. Rxa2 Qc6 16. f3 Rac8 17. Nf1 Ne6 18. Be3 Nc7 19. Bf2 Nh5 20. Ne3 Nf4 21. Qd2 Rfd8 22. a5 Bg5 23. h4 Bf6 24. Raa1 Nb5 25. Nxb5 axb5 26. c3 Rd7 27. Nd5 Nxd5 28. Qxd5 Bd8 29. Qxc6 bxc6 30. a6 Ra8 31. a7 Be7 32. Ra6 Rc7 33. Bb6 Rb7 34. b4 Kf8 35. h5 Ke8 36. Kf2 Kd7 37. g3 Ke6 38. f4 f6 39. Kf3 Bf8 40. Rc1 Kd7 41. fxe5 fxe5 42. Kg4 Ke6 43. c4 Be7 44. cxb5 cxb5 45. Rc7 Rxc7 46. Bxc7 Kd7 47. Bb8 d5 48. exd5 Bxb4 49. Kf5 $18 Be1 50. Bxe5 Bf2 51. Bb8 b4 52. Ke4 Be1 53. Kd3 Bc3 54. Kc4 Bd2 55. Rc6 Kd8 56. Rc7 Bc3 57. g4 Be5 58. Rb7 Bc3 59. Bc7+ Kc8 60. Rb8+ Kxc7 61. Rxa8 Kb7 62. Rf8 Kxa7 63. d6 Kb7 64. d7 Bf6 65. d8=Q Bxd8 66. Rxd8 1-0

[Event "WYCC 2018 G14"]
[Site "Halkidiki"]
[Date "2018.10.30"]
[Round "11"]
[White "Gabbani, Sara"]
[Black "Sim, Jia Ru"]
[Result "0-1"]
[ECO "B23"]
[WhiteElo "1764"]
[BlackElo "1979"]
[Annotator "NA"]
[PlyCount "64"]
[EventDate "2018.10.20"]
[EventType "swiss"]
[EventCountry "GRE"]
[SourceTitle "playchess.com"]
[Source "ChessBase"]
[SourceQuality "1"]
[TimeControl "40/5400+30:1800+30"]

1. e4 c5 2. Nc3 e6 3. Nge2 a6 4. a4 Nc6 5. g3 Nf6 6. Bg2 Be7 7. O-O Qc7 8. f4 d6 9. d3 Rb8 10. Bd2 b6 11. h3 Bb7 12. g4 Nb4 13. Ng3 d5 14. e5 Nd7 15. Nce2 Rc8 16. Kh2 O-O $11 17. Bxb4 cxb4 18. c3 a5 19. d4 Ba6 20. Rf2 b5 21. f5 Bh4 22. Qd2 bxa4 23. cxb4 Qc2 24. Nf4 Qxd2 25. Rxd2 Bg5 26. Rf2 Rc4 27. Nfe2 Rxb4 28. Nf1 Rxb2 29. Bf3 Rc8 30. Kg2 Rcc2 31. Nfg3 Bh4 32. Re1 a3 0-1

[Event "WYCC 2018 G14"]
[Site "Halkidiki"]
[Date "2018.10.30"]
[Round "11"]
[White "De Rycke, Tyani"]
[Black "Hernandez Guerra, Luna Yue"]
[Result "0-1"]
[ECO "C01"]
[WhiteElo "1758"]
[BlackElo "1659"]
[Annotator "NA"]
[PlyCount "136"]
[EventDate "2018.10.20"]
[EventType "swiss"]
[EventCountry "GRE"]
[SourceTitle "playchess.com"]
[Source "ChessBase"]
[SourceQuality "1"]
[TimeControl "40/5400+30:1800+30"]

1. e4 e6 2. d4 d5 3. exd5 exd5 4. Nf3 Bd6 5. Bd3 Nc6 6. c3 Nge7 7. h3 Bf5 8. Bxf5 Nxf5 9. O-O f6 10. Re1+ Nfe7 11. Qe2 Qd7 12. b3 O-O-O 13. Na3 g5 14. Nb5 Rhg8 15. Qe6 Qxe6 16. Rxe6 Rg6 17. Nxd6+ Rxd6 18. Rxd6 cxd6 19. Ba3 Kd7 20. g4 f5 21. Kg2 h6 22. Kg3 f4+ 23. Kg2 Ng8 24. Re1 Nf6 25. Nd2 Rg8 26. Kf3 b5 27. Bb2 a6 28. Kg2 a5 29. f3 a4 30. Kf2 Ra8 31. a3 axb3 32. Nxb3 Na5 33. Nxa5 Rxa5 34. h4 Ra8 35. hxg5 hxg5 36. Rh1 Rg8 37. Rh6 Ke7 38. Rh1 Kf7 39. Ke2 Re8+ 40. Kd2 Re3 41. Rf1 Nd7 42. Kc2 Re2+ 43. Kb3 Nb6 44. Bc1 Na4 45. Rd1 Ke7 46. Rd3 Kd7 47. Rd1 Rf2 48. Rd3 Kc6 49. Bd2 Nb6 50. Bc1 Nc4 51. a4 Rf1 52. axb5+ Kxb5 53. Kc2 Ka4 54. Bd2 Ka3 55. Bc1+ Ka2 56. Rd1 Rxd1 57. Kxd1 Kb3 58. Bd2 Nb2+ 59. Ke2 Kc2 60. Be1 Nd1 61. c4 dxc4 62. Bb4 Nc3+ 63. Ke1 Nb5 64. d5 Kd3 65. Ba5 Ke3 66. Bd8 Kxf3 67. Bxg5 Kxg4 68. Bh6 Kf3 0-1

[Event "WYCC 2018 G14"]
[Site "Halkidiki"]
[Date "2018.10.30"]
[Round "11"]
[White "Vuong, Quynh Anh"]
[Black "Nguyen, Thien Ngan"]
[Result "1-0"]
[ECO "D34"]
[WhiteElo "1747"]
[BlackElo "1888"]
[Annotator "NA"]
[PlyCount "151"]
[EventDate "2018.10.20"]
[EventType "swiss"]
[EventCountry "GRE"]
[SourceTitle "playchess.com"]
[Source "ChessBase"]
[SourceQuality "1"]
[TimeControl "40/5400+30:1800+30"]

1. d4 d5 2. c4 e6 3. Nf3 c5 4. g3 Nc6 5. cxd5 exd5 6. Bg2 Nf6 7. Nc3 Be7 8. O-O O-O 9. Bg5 cxd4 10. Nxd4 Be6 11. Nc2 {[%emt 0:06:34] D34: Tarrasch Defence: 6 g3 Nf6 7 Bg2 Be7} (11. Rc1 h6 12. Be3 Qd7 13. Qa4 Rfc8 14. Rfd1 Ng4 15. Nxc6 bxc6 16. Bd4 Nf6 17. e4 Bg4 18. Rd2 Nxe4 19. Nxe4 dxe4 {½-½ (33) Georgiev,K (2662)-Berg,E (2583) Gibraltar 2008}) 11... Qb6 $146 ({Predecessor:} 11... Qa5 12. Nd4 Nxd4 13. Qxd4 Rac8 14. Rfd1 Rfd8 15. Rac1 {½-½ (15) Achang,A-Masserey,Y Aalborg 1991}) 12. Na4 Qa6 13. b3 Rad8 14. Nd4 Nxd4 15. Qxd4 h6 16. Be3 b6 17. Qb2 Bg4 18. Bd4 Rc8 19. e3 b5 20. Nc3 Rfd8 21. b4 Rc4 22. a3 Qb7 23. Rfc1 a6 24. Rc2 Rdc8 25. Rd2 Be6 26. Rad1 Qc7 27. Nxd5 Nxd5 28. Bxd5 Bxd5 29. Be5 Bf6 30. Rxd5 Bxe5 31. Rxe5 Rc3 32. Red5 Qc4 33. R5d4 Qc6 34. R4d3 Rc2 35. Qb1 Qf6 36. Rd8+ Rxd8 37. Rxd8+ Qxd8 38. Qxc2 Qd5 39. e4 Qd6 40. Kg2 Qd4 41. Qc8+ Kh7 42. Qf5+ Kg8 43. Qd5 Qf6 44. h4 Qg6 45. Kh3 Qb6 46. Kg2 (46. Qa8+ $16 Kh7 47. Kg2) 46... Qf6 47. Qc5 Qe6 48. Kf3 Qb3+ 49. Qe3 Qc4 50. Kg2 Kh8 51. e5 Qd5+ 52. Qf3 Qe6 53. Qa8+ Kh7 54. Qe4+ Kg8 55. f4 Qa2+ 56. Kh3 Qxa3 57. f5 Qa1 58. e6 Qf1+ 59. Kg4 Qd1+ 60. Kf4 Qd6+ 61. Kf3 Qe7 $2 (61... Qd1+ $11 62. Kg2 Qd2+ 63. Kh3 fxe6) 62. Ke3 f6 63. Qd4 $16 (63. Kf3 $18 {is more deadly.}) 63... Qc7 64. Kd2 Kf8 65. Qc5+ Qxc5 66. bxc5 Ke7 67. h5 a5 68. Kc3 Kd8 69. c6 b4+ 70. Kb3 Kc7 71. e7 Kxc6 72. e8=Q+ Kd5 73. g4 Kc5 74. Qe7+ Kb5 75. Qd7+ Kc5 76. Qxg7 1-0

[Event "WYCC 2018 G14"]
[Site "Halkidiki"]
[Date "2018.10.30"]
[Round "11"]
[White "Dimitrijevic, Andjela"]
[Black "Alimova, Sevinch"]
[Result "0-1"]
[ECO "B40"]
[WhiteElo "1744"]
[BlackElo "1596"]
[Annotator "NA"]
[PlyCount "104"]
[EventDate "2018.10.20"]
[EventType "swiss"]
[EventCountry "GRE"]
[SourceTitle "playchess.com"]
[Source "ChessBase"]
[SourceQuality "1"]
[TimeControl "40/5400+30:1800+30"]

1. e4 c5 2. Nf3 e6 3. d3 d5 4. Qe2 dxe4 5. dxe4 Nc6 6. g3 Nf6 7. e5 Nd7 8. Bg2 Qc7 9. Bf4 h6 10. h4 a6 11. c4 b6 12. O-O Bb7 13. Nc3 Be7 14. Nd5 Qd8 15. Nxe7 Nxe7 16. Rad1 Qc7 17. Rfe1 O-O-O 18. Nd2 Bxg2 19. Kxg2 Nf5 20. Ne4 Qc6 21. Kg1 g5 22. hxg5 hxg5 23. Bxg5 Rdg8 24. f4 Kb8 25. Qg2 Nd4 26. Rd3 Rh7 27. Nf6 Qxg2+ 28. Kxg2 Nxf6 29. Bxf6 Kc7 30. Rh1 Rxh1 31. Kxh1 Ne2 32. Kh2 Nd4 33. a3 a5 34. Bg5 a4 35. Kg2 Kc6 36. Rd1 Rh8 37. Bf6 Rg8 38. Rh1 Nf5 39. Bg5 Ne3+ 40. Kf3 Nxc4 41. Rh2 Nxe5+ 42. Kg2 Nc4 43. Bf6 Ne3+ 44. Kf3 Ng4 45. Rh8 Nxf6 46. Rxg8 Nxg8 47. g4 b5 48. Ke2 b4 49. Kd3 Kd5 50. g5 c4+ 51. Kc2 bxa3 52. bxa3 Kd4 0-1

[Event "WYCC 2018 G14"]
[Site "Halkidiki"]
[Date "2018.10.30"]
[Round "11"]
[White "Zaritovskaja, Margarita"]
[Black "Tamrazyan, Gohar"]
[Result "1/2-1/2"]
[ECO "B32"]
[WhiteElo "1731"]
[BlackElo "1824"]
[Annotator "NA"]
[PlyCount "76"]
[EventDate "2018.10.20"]
[EventType "swiss"]
[EventCountry "GRE"]
[SourceTitle "playchess.com"]
[Source "ChessBase"]
[SourceQuality "1"]
[TimeControl "40/5400+30:1800+30"]

1. e4 c5 2. Nf3 Nc6 3. d4 cxd4 4. Nxd4 e5 5. Nb5 d6 6. N1c3 a6 7. Na3 b5 8. Nd5 Nge7 9. c4 Nd4 10. Bd3 Nxd5 11. cxd5 Be7 12. O-O O-O 13. Be3 Bd7 14. Qd2 f5 15. f4 fxe4 16. Bxe4 Bf5 17. Bxf5 Nxf5 18. Bf2 exf4 19. Qxf4 Bg5 20. Qe4 Qe8 21. Qd3 Be3 22. Nc2 Bxf2+ 23. Rxf2 Qg6 24. Raf1 Nh4 25. Qd4 Nf3+ 26. Rxf3 Rxf3 27. Rxf3 Qxc2 28. Rf2 Qb1+ 29. Rf1 Qc2 30. Kh1 Re8 31. Qa7 Qg6 32. h3 h6 33. Qf2 Kh7 34. Re1 Rxe1+ 35. Qxe1 Qf5 36. Qd2 Qg5 37. Qd3+ Kh8 38. Qd4 Qf5 1/2-1/2

[Event "WYCC 2018 G14"]
[Site "Halkidiki"]
[Date "2018.10.30"]
[Round "11"]
[White "Djordjevic, Nevena"]
[Black "Kasaeva, Sofiia"]
[Result "0-1"]
[ECO "E30"]
[WhiteElo "1704"]
[BlackElo "1874"]
[Annotator "NA"]
[PlyCount "72"]
[EventDate "2018.10.20"]
[EventType "swiss"]
[EventCountry "GRE"]
[SourceTitle "playchess.com"]
[Source "ChessBase"]
[SourceQuality "1"]
[TimeControl "40/5400+30:1800+30"]

1. d4 Nf6 2. c4 e6 3. Nc3 Bb4 4. Bg5 c5 5. d5 d6 6. e3 exd5 7. cxd5 Nbd7 8. Nge2 Qa5 9. f3 O-O 10. a3 Bxc3+ 11. Nxc3 h6 12. Bh4 Re8 13. e4 Nxe4 14. fxe4 Rxe4+ 15. Be2 Rxh4 16. O-O Ne5 17. Qe1 Qd8 18. Qf2 Bg4 19. Rae1 Bxe2 20. Rxe2 Rg4 21. Ne4 Qe7 22. h3 Rg6 23. Qf5 Re8 24. Rfe1 Qd7 25. Nxd6 Rxd6 26. Qxd7 Rxd7 27. Rxe5 Rxe5 28. Rxe5 f6 29. Rh5 Kh7 30. d6 g5 31. h4 Kg6 32. g4 Rxd6 33. hxg5 fxg5 34. Rh2 Rd1+ 35. Kg2 Rd2+ 36. Kg3 Rxh2 0-1

[Event "WYCC 2018 G14"]
[Site "Halkidiki"]
[Date "2018.10.30"]
[Round "11"]
[White "Figueroa Bernal, Julia Dennis"]
[Black "Kouta, Antonia"]
[Result "0-1"]
[ECO "B84"]
[WhiteElo "1650"]
[BlackElo "1812"]
[Annotator "NA"]
[PlyCount "90"]
[EventDate "2018.10.20"]
[EventType "swiss"]
[EventCountry "GRE"]
[SourceTitle "playchess.com"]
[Source "ChessBase"]
[SourceQuality "1"]
[TimeControl "40/5400+30:1800+30"]

1. e4 c5 2. Nf3 d6 3. d4 cxd4 4. Nxd4 Nf6 5. Nc3 a6 6. Be2 e6 7. Be3 Nbd7 8. g4 h6 9. Qd2 b5 10. a3 Bb7 11. f3 Be7 12. O-O-O d5 13. exd5 Nxd5 14. Nxd5 Bxd5 15. h4 Bxh4 16. g5 hxg5 17. Kb1 Rg8 18. Nf5 Ne5 19. Qc3 f6 20. Qc5 exf5 21. Rxd5 Qe7 22. Qb6 Kf7 23. Rhd1 Rgb8 24. Qa5 Kg6 25. Bc5 Qe8 26. f4 Nc4 27. Bxc4 bxc4 28. Bb6 Qe4 29. fxg5 Bxg5 30. Rd7 Rb7 31. R7d4 Qc6 32. Rd6 Qb5 33. Qxb5 axb5 34. Bc5 Re8 35. Bb4 f4 36. Rf1 Re2 37. Bd2 Re4 38. Rd5 Bh6 39. Kc1 Kf7 40. Rh5 Bg5 41. Rh2 Ke6 42. Rhf2 Kf5 43. Kd1 Rd7 44. Kc1 Rde7 45. Kd1 Bh6 0-1

[Event "WYCC 2018 G14"]
[Site "Halkidiki"]
[Date "2018.10.30"]
[Round "11"]
[White "Kumar, Arya"]
[Black "Sleurs, Juliette"]
[Result "1-0"]
[ECO "C44"]
[WhiteElo "1619"]
[BlackElo "1812"]
[Annotator "NA"]
[PlyCount "83"]
[EventDate "2018.10.20"]
[EventType "swiss"]
[EventCountry "GRE"]
[SourceTitle "playchess.com"]
[Source "ChessBase"]
[SourceQuality "1"]
[TimeControl "40/5400+30:1800+30"]

1. e4 e5 2. Nf3 Nc6 3. d4 exd4 4. c3 Nf6 5. e5 Ng8 6. cxd4 d5 7. h3 Bb4+ 8. Nc3 Bf5 9. Bd3 Bxd3 10. Qxd3 Nge7 11. O-O h6 12. Be3 O-O 13. a3 Bxc3 14. Qxc3 Nf5 15. b4 Nxe3 16. Qxe3 f6 17. b5 Ne7 18. Rac1 c6 19. bxc6 Nxc6 20. e6 Re8 21. Rfe1 Qe7 22. Nh4 Nd8 23. Nf5 Qxe6 24. Qc3 Qd7 25. Rxe8+ Qxe8 26. Qg3 Ne6 27. Re1 g6 28. Nxh6+ Kh7 29. Ng4 Kg7 30. Qe3 Kf7 31. Qf3 Qd8 32. Ne5+ Kg7 33. Nxg6 Kxg6 34. Rxe6 Kf7 35. Qf5 Rc8 36. g4 Rc6 37. Rxc6 bxc6 38. g5 Qe7 39. Qh7+ Ke6 40. Qxe7+ Kxe7 41. g6 f5 42. h4 1-0